 Dungeon Crawl Stone Soup version 0.17-a0-1404-gb8113a6 (webtiles) character file.

84 urechis the Poker (level 4, 0/33 HPs)
             Began as a Merfolk Gladiator on June 21, 2015.
             Killed by nerve-wracking pain
             ... invoked by an orc priest
              (2 damage)
             ... on level 3 of the Dungeon.
             The game lasted 00:03:20 (1678 turns).

urechis the Poker (Merfolk Gladiator)               Turns: 1678, Time: 00:03:20

Health: 0/33       AC:  4    Str: 15    XL:     4   Next: 46%
Magic:  4/4        EV: 13    Int:  7    God:
Gold:   87         SH:  0    Dex: 15    Spells: 0 memorised, 3 levels left

rFire  . . .     SeeInvis .     a - +0 trident
rCold  . . .     Clarity  .     b - +0 leather armour
rNeg   . . .     SustAt   .     (no shield)
rPois  +         Gourm    .     c - +0 helmet
rElec  .         Spirit   .     (no cloak)
rCorr  .         Warding  .     (no gloves)
rMut   .         Stasis   .     (no boots)
MR     .....                    (no amulet)
Stlth  ++........               n - ring of stealth
                                l - ring of poison resistance

@: not resistant to hostile enchantments, unstealthy
A: change form in water, swift swim
a: no special abilities


You were on level 3 of the Dungeon.
You were very hungry.

You visited 1 branch of the dungeon, and saw 3 of its levels.

You collected 87 gold pieces.

Inventory:

Hand weapons
 a - a +0 trident (weapon)
Missiles
 e - 3 throwing nets (quivered)
Armour
 b - a +0 leather armour (worn)
 c - a +0 helmet (worn)
Jewellery
 i - an uncursed ring of magical power
 l - a ring of poison resistance (left hand)
 n - a ring of stealth (right hand)
Scrolls
 f - a scroll of recharging {unknown}
 h - a scroll of teleportation {unknown}
 j - 9 scrolls of identify {unknown}
 k - a scroll of blinking {unknown}
 p - a scroll of enchant weapon {unknown}
 q - a scroll of immolation {unknown}
Potions
 g - a potion of curing {unknown}
 m - a potion of agility {unknown}
Comestibles
 d - 3 bread rations
 o - 2 beef jerkies
 r - a meat ration


   Skills:
 - Level 2.1 Fighting
 + Level 7.4 Polearms
 - Level 2.0 Throwing
 - Level 4.0 Dodging


You had 3 spell levels left.
You didn't know any spells.

Dungeon Overview and Level Annotations

Branches:
Dungeon (3/15)

Altars:
Gozag

Shops:
D:3 *


Message History

You kill the orc!
You hit the orc priest but do no damage.
The orc priest hits you with a dagger.
* * * LOW HITPOINT WARNING * * *
You puncture the orc priest!
The orc priest is severely wounded.
The orc priest closely misses you.
A giant newt comes into view.
Drink which item? (? for menu, Esc to quit)
Okay, then.
You hit the orc priest but do no damage.
The orc priest is severely wounded.
The orc priest becomes somewhat translucent.
You hit the orc priest.
The orc priest is severely wounded.
You closely miss the orc priest.
The orc priest is severely wounded.
The orc priest invokes the aid of Beogh against you.
Pain shoots through your body!
You die...

##.##........#
#.##........######
..##.######.##...#
##..... #...†#.#
#..... ####...#
#...... ##.##
#######.#
#.......#
#.#####@# #o#
#o[.o# #.##l# #
#.# ..# ###


You could see an orc priest, an orc and a giant newt.

Vanquished Creatures
  3 adders (D:2)
  2 worms (D:3)
  4 giant geckos
  2 orcs (D:3)
  5 giant cockroaches
  3 goblins
  8 hobgoblins
  3 jackals (D:2)
  4 bats
  5 kobolds
  A quokka (D:3)
  8 rats
48 creatures vanquished.

Notes
Turn   | Place    | Note
--------------------------------------------------------------
     0 | D:1      | urechis the Merfolk Gladiator began the quest for the Orb.
     0 | D:1      | Reached XP level 1. HP: 16/16 MP: 1/1
    50 | D:1      | Reached skill level 5 in Polearms
    62 | D:1      | Reached XP level 2. HP: 2/22 MP: 2/2
   720 | D:1      | Reached XP level 3. HP: 24/27 MP: 3/3
   788 | D:1      | Reached skill level 6 in Polearms
  1196 | D:2      | Reached skill level 7 in Polearms
  1196 | D:2      | Reached XP level 4. HP: 33/33 MP: 4/4
  1486 | D:3      | Found Gozag's Platinum Reserve.
  1487 | D:3      | Found an opulent altar of Gozag.
  1674 | D:3      | HP: 1/33 [orc priest/dagger (2)]
  1678 | D:3      | Killed from afar by an orc priest

Vault maps used:
D:1:      dpeg_arrival_castle, hex_medium, minivault_23, minmay_misc_feat_five
D:3:      nicolae_gozag_zags_fifth_avenue, uniq_crazy_yiuf_cottage

Action                   |  1- 3 |  4- 6 || total
-------------------------+-------+-------++-------
Melee: Trident           |   109 |    37 ||   146
 Stab: Sleeping          |     3 |     6 ||     9
  Eat: Chunk             |     1 |       ||     1
